[Event "42nd Olympiad Baku 2016 Open"]
[Site "Baku"]
[Date "2016.09.06"]
[Round "5.27"]
[White "Winter Atwell, Adrian"]
[Black "Stojanovic, Dalibor"]
[Result "1/2-1/2"]
[ECO "B22"]
[WhiteElo "2158"]
[BlackElo "2505"]
[Annotator ""]
[PlyCount "173"]
[EventDate "2016.??.??"]
[EventType "team-tourn"]
[EventCountry "AZE"]
[SourceTitle "playchess.com"]
[Source "ChessBase"]
[WhiteTeam "TTO"]
[BlackTeam "Bosnia  Herzegovina"]
[BlackTeamCountry "BIH"]
[TimeControl "40/5400+30:1800+30"]

1. e4 {(00:00)} c5 {(00:00)} 2. c3 {(00:00)} d6 {(
01:59)} 3. d4 {(00:31)} Nd7 {(01:35)} 4. Bd3 {(01:19)}
Ngf6 {(01:39)} 5. Nf3 {(01:08)} e5 {(04:20)} 6. O-O {
(04:34)} Be7 {(01:00)} 7. dxe5 {(01:14)} dxe5 {(01:
23)} 8. c4 {(03:00)} O-O {(03:39)} 9. Nc3 {(00:21)} h6 {
(01:42)} 10. Re1 {(04:26)} a6 {(03:31)} 11. b3 {(
01:27)} Bd6 {(01:03)} 12. Bb2 {(00:43)} Nb8 {(00:56)} 13.
h3 {(02:13)} Nc6 {(02:53)} 14. Nd5 {(00:17)} Re8 {(
01:59)} 15. Qd2 {(06:37)} Be6 {(04:35)} 16. a3 {(02:00)}
Bxd5 {(16:11)} 17. cxd5 {(02:27)} Nd4 {(00:07)} 18. Nxd4 {
(04:07)} cxd4 {(03:42)} 19. f4 {(00:33)} Qe7 {(07:
54)} 20. Qd1 {(11:47)} Nd7 {(10:39)} 21. b4 {(02:52)} exf4
{(03:30)} 22. Bxd4 {(01:00)} Be5 {(00:03)} 23. Bf1 {
(03:55)} Rac8 {(04:12)} 24. Ra2 {(03:04)} Bxd4+ {(
00:08)} 25. Qxd4 {(00:12)} Ne5 {(00:26)} 26. Rf2 {(01:27)}
g5 {(00:09)} 27. Qb6 {(00:58)} Kg7 {(00:18)} 28. Rd2 {
(03:56)} Qc7 {(02:22)} 29. Qxc7 {(03:48)} Rxc7 {(
00:06)} 30. d6 {(00:37)} Rc3 {(00:05)} 31. d7 {(01:34)}
Rd8 {(00:06)} 32. Rd5 {(00:12)} f6 {(04:17)} 33. Red1 {
(00:55)} Rc7 {(01:49)} 34. b5 {(01:39)} a5 {(00:04]
} 35. b6 {(01:34)} Rcxd7 {(02:34)} 36. Rc1 {(00:58)} Nc6 {
(11:31)} 37. Ba6 {(04:16)} bxa6 {(01:13)} 38. Rxd7+ {
(04:16)} Rxd7 {(00:05)} 39. Rxc6 {(00:00)} Rd1+ {(
00:00)} 40. Kf2 {(00:00)} Rb1 {(00:00)} 41. Rc7+ {(00:57)}
Kg6 {(00:29)} 42. b7 {(01:05)} Rb2+ {(01:07)} 43. Ke1 {
(00:25)} h5 {(00:10)} 44. Kd1 {(00:46)} g4 {(02:41]
} 45. hxg4 {(03:37)} hxg4 {(00:05)} 46. Ke1 {(00:08)} Kg5
{(08:16)} 47. Rh7 {(02:30)} f3 {(00:26)} 48. g3 {(
00:51)} f5 {(00:17)} 49. exf5 {(01:43)} Kxf5 {(03:02)} 50.
Re7 {(01:09)} Kf6 {(03:57)} 51. Rc7 {(00:37)} Ke5 {
(04:10)} 52. Rg7 {(05:55)} Kd4 {(04:31)} 53. Rd7+ {
(01:37)} Ke4 {(01:00)} 54. Re7+ {(00:17)} Kf5 {(01:
40)} 55. a4 {(00:15)} Kf6 {(00:25)} 56. Rc7 {(00:09)} Ke6
{(01:07)} 57. Rg7 {(01:31)} Kf5 {(00:06)} 58. Re7 {
(00:28)} Kf6 {(00:04)} 59. Rc7 {(00:16)} Ke5 {(00:
22)} 60. Rc5+ {(00:22)} Kd6 {(00:30)} 61. Rxa5 {(00:54)}
Rxb7 {(00:28)} 62. Rg5 {(05:10)} Rb4 {(00:21)} 63. a5 {
(00:16)} Ra4 {(00:58)} 64. Rg6+ {(02:56)} Ke5 {(00:
14)} 65. Rxa6 {(01:12)} Ra1+ {(02:53)} 66. Kf2 {(00:08)}
Ra2+ {(00:06)} 67. Kf1 {(00:07)} Ra1+ {(02:55)} 68. Kf2 {
(00:09)} Ra2+ {(00:03)} 69. Kf1 {(00:06)} Ke4 {(03:
03)} 70. Re6+ {(00:42)} Kf5 {(00:38)} 71. Ra6 {(00:50)}
Ra1+ {(00:11)} 72. Kf2 {(00:07)} Ra2+ {(00:03)} 73. Kf1 {
(00:05)} Ke4 {(02:11)} 74. Re6+ {(00:16)} Kd4 {(00:
08)} 75. a6 {(00:47)} Kd5 {(01:29)} 76. Rg6 {(01:04)} Ke4
{(00:08)} 77. Re6+ {(00:11)} Kd4 {(00:18)} 78. Rg6 {
(00:18)} Ra1+ {(00:57)} 79. Kf2 {(00:06)} Ra2+ {(
00:03)} 80. Kf1 {(00:04)} Ke4 {(00:59)} 81. Re6+ {(00:26)}
Kd4 {(01:32)} 82. Rg6 {(00:15)} Ke4 {(00:53)} 83. Re6+ {
(00:09)} Kf5 {(00:05)} 84. Rb6 {(00:20)} Ke5 {(00:
06)} 85. Rg6 {(00:18)} Ra1+ {(00:26)} 86. Kf2 {(00:05)}
Ra2+ {(00:02)} 87. Kf1 {(00:05)} 1/2-1/2

[Event "42nd Olympiad Baku 2016 Open"]
[Site "Baku"]
[Date "2016.09.06"]
[Round "5.34"]
[White "Yahi Mohamed Salem"]
[Black "Espirito Santo, Waldyr"]
[Result "1/2-1/2"]
[ECO "E61"]
[WhiteElo "1852"]
[BlackElo "1915"]
[Annotator ""]
[PlyCount "106"]
[EventDate "2016.??.??"]
[EventType "team-tourn"]
[EventCountry "AZE"]
[SourceTitle "playchess.com"]
[Source "ChessBase"]
[WhiteTeam "MTN"]
[BlackTeam "STP"]
[TimeControl "40/5400+30:1800+30"]

1. d4 {(00:00)} Nf6 {(00:14)} 2. c4 {(00:00)} g6 {(
00:17)} 3. Nc3 {(00:00)} Bg7 {(00:19)} 4. Nf3 {(00:38)}
O-O {(00:32)} 5. Bg5 {(01:48)} h6 {(00:53)} 6. Bf4 {
(00:19)} d6 {(01:24)} 7. Qd2 {(00:16)} Kh7 {(00:33]
} 8. e4 {(00:48)} e5 {(05:08)} 9. dxe5 {(00:15)} dxe5 {
(00:56)} 10. Qxd8 {(00:51)} Rxd8 {(00:18)} 11. Bxe5 {
(00:31)} Re8 {(02:12)} 12. Bxf6 {(01:57)} Bxf6 {(
00:48)} 13. Nd2 {(01:36)} Na6 {(03:29)} 14. Bd3 {(01:48)}
Nc5 {(03:30)} 15. Bc2 {(00:21)} Bxc3 {(02:14)} 16. bxc3 {
(00:05)} f5 {(03:51)} 17. f3 {(00:14)} fxe4 {(00:
43)} 18. Nxe4 {(02:01)} Bf5 {(00:49)} 19. O-O {(00:23)}
Bxe4 {(09:24)} 20. Bxe4 {(00:38)} Nxe4 {(13:26)} 21. fxe4
{(00:12)} Re7 {(00:33)} 22. Rae1 {(01:00)} Kg7 {(
04:25)} 23. Rf3 {(06:31)} a5 {(02:49)} 24. a4 {(02:40)}
Ra6 {(01:15)} 25. Rd3 {(02:29)} Rc6 {(03:44)} 26. Rd4 {
(00:35)} Rf6 {(02:00)} 27. e5 {(02:12)} Rf5 {(05:
49)} 28. Rd5 {(01:59)} b6 {(01:01)} 29. h3 {(04:07)} Kf7 {
(01:41)} 30. g4 {(02:18)} Rf3 {(01:25)} 31. Rf1 {(
00:17)} Rxf1+ {(00:20)} 32. Kxf1 {(00:04)} Ke6 {(05:30)}
33. Rb5 {(02:48)} h5 {(08:11)} 34. c5 {(00:24)} Rf7+ {
(02:29)} 35. Ke2 {(00:53)} hxg4 {(00:47)} 36. cxb6 {
(01:10)} gxh3 {(09:09)} 37. b7 {(02:13)} h2 {(00:
28)} 38. b8=Q {(01:46)} h1=Q {(00:52)} 39. Qe8+ {(00:24)}
Re7 {(01:41)} 40. Qxg6+ {(00:00)} Kd7 {(00:00)} 41. Qf5+ {
(01:28)} Re6 {(03:42)} 42. Qf7+ {(03:06)} Re7 {(02:
39)} 43. Qd5+ {(03:13)} Qxd5 {(00:45)} 44. Rxd5+ {(00:09)}
Ke6 {(01:27)} 45. Rxa5 {(00:11)} Kf5 {(00:34)} 46. Kd3 {
(00:43)} Rxe5 {(02:12)} 47. Rxe5+ {(00:13)} Kxe5 {(
00:05)} 48. Kc4 {(00:25)} Kd6 {(01:28)} 49. Kb5 {(00:10)}
Kd7 {(00:44)} 50. c4 {(00:23)} Kc8 {(00:42)} 51. c5 {
(00:30)} Kb7 {(00:55)} 52. c6+ {(01:36)} Ka7 {(03:
49)} 53. Kc4 {(01:30)} Ka6 {(01:00)} 1/2-1/2

[Event "42nd Olympiad Baku 2016 Open"]
[Site "Baku"]
[Date "2016.09.06"]
[Round "5.25"]
[White "Yarmonov, Igor"]
[Black "Meshkov, Yuri A"]
[Result "1-0"]
[ECO "A53"]
[WhiteElo "2398"]
[BlackElo "2354"]
[Annotator ""]
[PlyCount "61"]
[EventDate "2016.??.??"]
[EventType "team-tourn"]
[EventCountry "AZE"]
[SourceTitle "playchess.com"]
[Source "ChessBase"]
[WhiteTeam "IPCA"]
[BlackTeam "IBCA"]
[WhiteTeamCountry "UKR"]
[BlackTeamCountry "RUS"]
[TimeControl "40/5400+30:1800+30"]

1. d4 {(00:00)} Nf6 {(00:00)} 2. c4 {(00:00)} d6 {(
01:17)} 3. Nf3 {(00:33)} Bf5 {(00:24)} 4. Nc3 {(00:38)} h6
{(00:27)} 5. e3 {(01:18)} Nbd7 {(03:20)} 6. Bd3 {(
00:38)} Bxd3 {(00:39)} 7. Qxd3 {(00:06)} c6 {(02:15)} 8.
O-O {(00:26)} a6 {(00:20)} 9. e4 {(01:14)} e5 {(00:
14)} 10. Rd1 {(00:57)} Qc7 {(06:49)} 11. Be3 {(05:04)} Ng4
{(06:24)} 12. Rab1 {(07:12)} Be7 {(05:01)} 13. b4 {
(11:03)} exd4 {(13:48)} 14. Bxd4 {(00:35)} Nge5 {(
01:19)} 15. Qe2 {(13:00)} b5 {(14:19)} 16. Nxe5 {(18:13)}
dxe5 {(01:19)} 17. Be3 {(00:19)} Nf6 {(06:59)} 18. a4 {
(01:59)} bxa4 {(01:51)} 19. Nxa4 {(01:22)} O-O {(
00:41)} 20. f3 {(07:08)} Rfb8 {(07:35)} 21. c5 {(08:58)}
a5 {(00:54)} 22. b5 {(03:00)} cxb5 {(01:18)} 23. Rxb5 {
(00:04)} Qc6 {(01:39)} 24. Rdb1 {(00:42)} Nd7 {(05:
19)} 25. Qc4 {(03:17)} Rxb5 {(04:55)} 26. Rxb5 {(02:31)}
Bd8 {(07:16)} 27. h3 {(02:01)} Rc8 {(01:31)} 28. Qb3 {
(02:24)} Kf8 {(04:55)} 29. Kh2 {(01:46)} Bc7 {(00:
36)} 30. Nb6 {(03:04)} Nb8 31. Nxc8 1-0

[Event "42nd Olympiad Baku 2016 Open"]
[Site "Baku"]
[Date "2016.09.06"]
[Round "5.33"]
[White "Yee, Soon Wei"]
[Black "Blijstra, Wim"]
[Result "0-1"]
[ECO "B51"]
[WhiteElo "2293"]
[BlackElo "2216"]
[Annotator ""]
[PlyCount "76"]
[EventDate "2016.??.??"]
[EventType "team-tourn"]
[EventCountry "AZE"]
[SourceTitle "playchess.com"]
[Source "ChessBase"]
[WhiteTeam "Brunei"]
[BlackTeam "Netherlands Antilles"]
[WhiteTeamCountry "BRN"]
[BlackTeamCountry "AHO"]
[TimeControl "40/5400+30:1800+30"]

1. e4 {(00:00)} c5 {(00:00)} 2. Nf3 {(00:12)} d6 {(
00:35)} 3. Bb5+ {(00:59)} Nd7 {(00:24)} 4. d4 {(01:03)} a6
{(04:02)} 5. Bxd7+ {(02:04)} Bxd7 {(00:25)} 6. dxc5 {
(01:30)} Qa5+ {(03:06)} 7. Nc3 {(02:13)} Qxc5 {(01:
22)} 8. O-O {(02:03)} e6 {(06:51)} 9. Be3 {(17:34)} Qc7 {
(01:08)} 10. Bd4 {(08:51)} Ne7 {(06:09)} 11. Re1 {(
09:18)} Nc6 {(01:06)} 12. Ng5 {(16:41)} h6 {(04:44)} 13.
Nd5 {(09:41)} exd5 {(06:51)} 14. exd5+ {(02:52)} Ne5 {
(01:13)} 15. Qh5 {(04:32)} g6 {(05:09)} 16. Qf3 {(
06:31)} Bf5 {(00:19)} 17. Qg3 {(05:34)} O-O-O {(00:28)}
18. Rxe5 {(02:52)} dxe5 {(00:05)} 19. Bxe5 {(00:03)} Bd6 {
(02:14)} 20. Bxd6 {(00:11)} Qxd6 {(03:18)} 21. Qxd6 {
(04:38)} Rxd6 {(00:02)} 22. Nxf7 {(00:08)} Rhd8 {(
00:05)} 23. c4 {(00:15)} Kc7 {(00:21)} 24. Nxd8 {(01:17)}
Rxd8 {(00:05)} 25. f3 {(00:19)} Re8 {(00:35)} 26. g4 {
(00:38)} Bd3 {(00:19)} 27. Rd1 {(00:44)} Be2 {(00:
05)} 28. Re1 {(00:39)} Kd8 {(00:04)} 29. b3 {(00:35)} Bxf3
{(00:04)} 30. Rxe8+ {(00:28)} Kxe8 {(00:02)} 31. h3 {
(00:29)} Be4 {(00:05)} 32. b4 {(00:23)} b5 {(00:08]
} 33. cxb5 {(00:25)} axb5 {(00:01)} 34. a3 {(00:12)} Bxd5
{(00:07)} 35. Kf2 {(00:06)} Ke7 {(00:08)} 36. Ke3 {
(00:08)} Ke6 {(00:09)} 37. Kd4 {(00:08)} Kd6 {(00:
03)} 38. h4 {(00:06)} g5 {(00:07] Ke5+} 0-1

[Event "42nd Olympiad Baku 2016 Open"]
[Site "Baku"]
[Date "2016.09.06"]
[Round "5.29"]
[White "Zhang, Zhong"]
[Black "Papaioannou, Ioannis"]
[Result "1/2-1/2"]
[ECO "B91"]
[WhiteElo "2637"]
[BlackElo "2631"]
[Annotator ""]
[PlyCount "55"]
[EventDate "2016.??.??"]
[EventType "team-tourn"]
[EventCountry "AZE"]
[SourceTitle "playchess.com"]
[Source "ChessBase"]
[WhiteTeam "Singapore"]
[BlackTeam "Greece"]
[WhiteTeamCountry "SIN"]
[BlackTeamCountry "GRE"]
[TimeControl "40/5400+30:1800+30"]

1. e4 {(00:00)} c5 {(00:00)} 2. Nf3 {(00:01)} d6 {(
00:00)} 3. d4 {(00:14)} cxd4 {(00:00)} 4. Nxd4 {(00:10)}
Nf6 {(00:09)} 5. Nc3 {(00:03)} a6 {(00:14)} 6. g3 {
(00:13)} e5 {(00:36)} 7. Nde2 {(00:54)} Be7 {(00:
58)} 8. Bg2 {(00:05)} b5 {(01:14)} 9. Nd5 {(00:52)} Nbd7 {
(02:57)} 10. Nec3 {(01:12)} O-O {(03:05)} 11. a4 {(
07:39)} bxa4 {(01:01)} 12. Rxa4 {(00:42)} Bb7 {(00:30)}
13. O-O {(00:43)} Nxd5 {(01:09)} 14. Nxd5 {(05:45)} Bxd5 {
(00:11)} 15. exd5 {(00:04)} Bg5 {(01:10)} 16. Bxg5 {
(00:35)} Qxg5 {(00:07)} 17. Qe2 {(00:04)} Nc5 {(06:
31)} 18. Rg4 {(01:14)} Qd8 {(03:53)} 19. b4 {(09:47)} Nd7
{(00:42)} 20. Ra1 {(09:58)} a5 {(04:29)} 21. bxa5 {
(01:11)} Rxa5 {(02:38)} 22. Rxa5 {(00:39)} Qxa5 {(
00:05)} 23. Rxg7+ {(00:06)} Kxg7 {(00:07)} 24. Qg4+ {(00:
02)} Kf6 {(08:19)} 25. Qh4+ {(06:54)} Kg7 {(00:16)} 26.
Qg4+ {(00:14)} Kf6 {(00:07)} 27. Qh4+ {(08:38)} Kg7 {
(00:08)} 28. Qg4+ {(00:07)} 1/2-1/2

[Event "42nd Olympiad Baku 2016 Open"]
[Site "Baku"]
[Date "2016.09.06"]
[Round "5.16"]
[White "Zhu, Chen"]
[Black "Sousa, Andre Ventura"]
[Result "1/2-1/2"]
[ECO "E70"]
[WhiteElo "2418"]
[BlackElo "2379"]
[Annotator ""]
[PlyCount "86"]
[EventDate "2016.??.??"]
[EventType "team-tourn"]
[EventCountry "AZE"]
[SourceTitle "playchess.com"]
[Source "ChessBase"]
[WhiteTeam "Qatar"]
[BlackTeam "Portugal"]
[WhiteTeamCountry "QAT"]
[BlackTeamCountry "POR"]
[TimeControl "40/5400+30:1800+30"]

1. d4 {(00:00)} Nf6 {(00:00)} 2. c4 {(00:00)} g6 {(
00:00)} 3. Nc3 {(00:00)} Bg7 {(00:00)} 4. e4 {(00:00)} d6
{(00:00)} 5. Nge2 {(00:01)} O-O {(01:12)} 6. Ng3 {(
00:07)} e5 {(01:39)} 7. d5 {(00:10)} a5 {(06:20)} 8. Be2 {
(01:09)} Na6 {(01:02)} 9. h4 {(01:16)} h5 {(00:11)}
10. Bg5 {(00:16)} c6 {(02:07)} 11. Qd2 {(02:25)} cxd5 {
(09:28)} 12. Nxd5 {(01:52)} Be6 {(03:43)} 13. Rc1 {
(32:47)} Nc5 {(17:09)} 14. Qe3 {(19:33)} Bxd5 {(08:
16)} 15. cxd5 {(06:52)} Qb6 {(03:13)} 16. Bxf6 {(21:55)}
Bxf6 {(00:06)} 17. Bxh5 {(00:13)} Qxb2 {(02:53)} 18. O-O {
(01:07)} Kh7 {(05:09)} 19. Bg4 {(01:36)} Qd4 {(07:
29)} 20. Qf3 {(01:21)} Bxh4 {(00:16)} 21. Nf5 {(00:50)}
gxf5 {(04:38)} 22. Bxf5+ {(00:07)} Kh6 {(00:08)} 23. Qh3 {
(00:35)} Rg8 {(05:48)} 24. Qxh4+ {(00:54)} Kg7 {(
00:08)} 25. Qe7 {(01:08)} Rh8 {(06:21)} 26. Qg5+ {(00:39)}
Kf8 {(00:02)} 27. Qf6 {(00:04)} Kg8 {(00:10)} 28. Bg6 {
(05:46)} Rf8 {(02:07)} 29. Rfd1 {(00:17)} Qb2 {(02:
03)} 30. Qg5 {(01:12)} f6 {(00:09)} 31. Qg4 {(00:05)} Rh6
{(00:18)} 32. g3 {(01:10)} Nd3 {(00:27)} 33. Bh5+ {
(00:27)} Kh8 {(00:06)} 34. Rxd3 {(00:20)} Qxc1+ {(
00:06)} 35. Rd1 {(00:28)} Qg5 {(01:55)} 36. Qxg5 {(00:05)}
fxg5 {(00:02)} 37. Bg4 {(00:05)} Rh7 {(03:53)} 38. Rb1 {
(00:50)} Rc7 {(00:56)} 39. Bf5 {(00:07)} Ra8 {(00:
47)} 40. a4 {(00:00)} Kg7 {(00:00)} 41. Kg2 {(00:41)} Ra6
{(11:14)} 42. Kf3 {(02:14)} Kf6 {(03:00)} 43. Rh1 {
(06:57)} Rg7 {(00:38)} 1/2-1/2

[Event "42nd Olympiad Baku 2016 Open"]
[Site "Baku"]
[Date "2016.09.06"]
[Round "5.29"]
[White "Ziska, Helgi Dam"]
[Black "Arab, Adlane"]
[Result "1/2-1/2"]
[ECO "B31"]
[WhiteElo "2546"]
[BlackElo "2493"]
[Annotator ""]
[PlyCount "62"]
[EventDate "2016.??.??"]
[EventType "team-tourn"]
[EventCountry "AZE"]
[SourceTitle "playchess.com"]
[Source "ChessBase"]
[WhiteTeam "Faroe Islands"]
[BlackTeam "Algeria"]
[WhiteTeamCountry "FAI"]
[BlackTeamCountry "ALG"]
[TimeControl "40/5400+30:1800+30"]

1. e4 {(00:00)} c5 {(00:00)} 2. Nf3 {(00:02)} Nc6 {
(00:00)} 3. Bb5 {(00:15)} g6 {(00:37)} 4. Bxc6 {(
00:37)} dxc6 {(00:05)} 5. d3 {(00:36)} Bg7 {(00:23)} 6. h3
{(00:33)} b6 {(00:54)} 7. O-O {(02:03)} Nh6 {(01:
36)} 8. a4 {(14:35)} a5 {(06:06)} 9. Be3 {(03:59)} f6 {
(01:57)} 10. d4 {(04:33)} cxd4 {(01:23)} 11. Qxd4 {
(00:45)} Qxd4 {(03:06)} 12. Nxd4 {(01:49)} e5 {(01:
27)} 13. Nb3 {(03:34)} Rb8 {(00:47)} 14. Na3 {(01:31)} Ba6
{(05:54)} 15. Rfd1 {(23:37)} Nf7 {(12:15)} 16. Nd2 {
(04:11)} Bf8 {(08:15)} 17. Nac4 {(08:45)} Bh6 {(00:
07)} 18. Bxh6 {(06:59)} Nxh6 {(00:07)} 19. Rab1 {(01:05)}
Kd7 {(14:31)} 20. Nxb6+ {(03:02)} Rxb6 {(04:47)} 21. Nc4+
{(00:07)} Kc7 {(00:06)} 22. Nxb6 {(00:04)} Kxb6 {(
00:04)} 23. Rd7 {(00:37)} Rf8 {(05:58)} 24. Rxh7 {(01:18)}
Nf7 {(00:04)} 25. Rd1 {(00:36)} Ng5 {(06:59)} 26. Rg7 {
(00:15)} Nxe4 {(00:08)} 27. Rxg6 {(00:06)} Nc5 {(
01:30)} 28. Rd6 {(04:00)} Ne4 {(01:54)} 29. Rd1 {(00:15)}
Nc5 {(00:16)} 30. Rd6 {(00:37)} Ne4 {(00:14)} 31. Rd1 {
(00:25)} Nc5 {(00:31)} 1/2-1/2

[Event "42nd Olympiad Baku 2016 Women"]
[Site "Baku"]
[Date "2016.09.06"]
[Round "5.3"]
[White "A-ALI, Sali Abbas Abdulzah"]
[Black "Ubaldo Suarez, Maria Gisela"]
[Result "0-1"]
[ECO "B73"]
[WhiteElo "1728"]
[BlackElo "2062"]
[Annotator ""]
[PlyCount "100"]
[EventDate "2016.??.??"]
[EventType "team-tourn"]
[EventCountry "AZE"]
[SourceTitle "playchess.com"]
[Source "ChessBase"]
[WhiteTeam "Iraq"]
[BlackTeam "Venezuela"]
[WhiteTeamCountry "IRQ"]
[BlackTeamCountry "VEN"]
[TimeControl "40/5400+30:1800+30"]

1. e4 {(00:00)} c5 {(00:00)} 2. Nf3 {(00:00)} d6 {(
00:45)} 3. d4 {(00:00)} cxd4 {(00:05)} 4. Nxd4 {(00:00)}
Nf6 {(00:04)} 5. Nc3 {(00:00)} g6 {(00:04)} 6. Be2 {
(00:16)} Bg7 {(00:06)} 7. O-O {(00:24)} Nc6 {(00:
45)} 8. Be3 {(02:52)} O-O {(00:19)} 9. Kh1 {(02:02)} Bd7 {
(01:26)} 10. f4 {(02:35)} Rc8 {(00:45)} 11. Bf3 {(
01:01)} Na5 {(00:50)} 12. Nb3 {(11:35)} Nc4 {(01:46)} 13.
Qc1 {(01:10)} Nxe3 {(07:17)} 14. Qxe3 {(00:16)} b5 {
(05:52)} 15. a3 {(02:23)} a5 {(03:36)} 16. Qe2 {(
02:43)} b4 {(03:00)} 17. axb4 {(01:23)} axb4 {(00:05)} 18.
Nd1 {(02:14)} Qb6 {(01:31)} 19. Qe3 {(06:56)} Qb8 {
(04:03)} 20. Qf2 {(03:31)} Bb5 {(02:28)} 21. Re1 {(
00:45)} Nd7 {(01:20)} 22. Nd4 {(04:37)} Bc4 {(07:01)} 23.
b3 {(00:55)} Qb6 {(01:41)} 24. e5 {(02:59)} dxe5 {(
01:12)} 25. bxc4 {(01:00)} exd4 {(00:27)} 26. Rxe7 {(01:
20)} Qd6 {(06:31)} 27. Re1 {(01:58)} Qxf4 {(02:25)} 28.
Rb1 {(01:32)} Rxc4 {(02:06)} 29. Nb2 {(00:22)} Rc3 {
(01:10)} 30. Nd3 Rxd3 {(13:29)} 31. cxd3 {(01:00)} Nc5 {
(00:50)} 32. Qf1 {(03:38)} Qd6 {(01:58)} 33. Rec1 {
(08:59)} b3 {(01:12)} 34. Rc4 {(03:37)} Rb8 {(05:
09)} 35. Be2 {(03:19)} Bh6 {(02:32)} 36. Qe1 {(01:20)} Rb5
{(05:00)} 37. Bd1 {(05:05)} Be3 {(01:06)} 38. Qf1 {
(02:38)} Kg7 {(00:29)} 39. Qe2 {(18:36)} Qf6 {(01:
13)} 40. Rxc5 {(00:00)} Rxc5 {(00:00)} 41. Bxb3 Rf5 {(00:
46)} 42. Bc4 {(04:45)} Rf2 {(00:13)} 43. Qd1 {(01:18)} h5
{(02:14)} 44. Bd5 {(01:08)} h4 {(00:40)} 45. h3 {(
00:32)} Qf4 {(02:02)} 46. Bf3 {(01:28)} Qg3 {(00:22)} 47.
Be4 {(02:02)} Bf4 {(01:13)} 48. Kg1 {(00:10)} Rd2 {
(00:59)} 49. Qxd2 {(02:09)} Bxd2 {(00:10)} 50. Rf1 {
(00:42)} f5 {(00:56)} 0-1

[Event "42nd Olympiad Baku 2016 Women"]
[Site "Baku"]
[Date "2016.09.06"]
[Round "5.28"]
[White "Agbabishvili, Lali"]
[Black "Molina, Jessica"]
[Result "1-0"]
[ECO "A05"]
[WhiteElo "2064"]
[BlackElo "1883"]
[Annotator ""]
[PlyCount "65"]
[EventDate "2016.??.??"]
[EventType "team-tourn"]
[EventCountry "AZE"]
[SourceTitle "playchess.com"]
[Source "ChessBase"]
[WhiteTeam "Canada"]
[BlackTeam "Bolivia"]
[WhiteTeamCountry "CAN"]
[BlackTeamCountry "BOL"]
[TimeControl "40/5400+30:1800+30"]

1. Nf3 {(00:00)} Nf6 {(00:00)} 2. g3 {(00:00)} d5 {
(00:00)} 3. Bg2 {(00:00)} c5 {(00:29)} 4. d4 {(00:
00)} e6 {(01:07)} 5. O-O {(00:10)} Nc6 {(00:28)} 6. c3 {
(00:08)} cxd4 {(02:04)} 7. cxd4 {(00:23)} Bd6 {(00:
17)} 8. Nc3 {(00:21)} a6 {(01:35)} 9. Bg5 {(15:38)} O-O {
(02:02)} 10. Rc1 {(03:27)} h6 {(06:01)} 11. Be3 {(
05:59)} Bd7 {(09:51)} 12. Kh1 {(03:02)} Ng4 {(16:55)} 13.
Bd2 {(02:53)} f5 {(07:14)} 14. e3 {(00:10)} g5 {(
02:03)} 15. Ne1 {(07:52)} Nf6 {(02:57)} 16. Nd3 {(01:09)}
Be8 {(05:22)} 17. Na4 {(03:13)} Rf7 {(15:11)} 18. Nac5 {
(00:53)} Re7 {(00:31)} 19. Bc3 {(13:21)} Ne4 {(11:
16)} 20. Nxe4 {(17:01)} dxe4 {(00:22)} 21. Nc5 {(03:14)}
Bxc5 {(05:20)} 22. dxc5 {(00:09)} Rd7 {(00:19)} 23. Qb3 {
(00:18)} Bf7 {(01:33)} 24. Rfd1 {(02:28)} g4 {(02:
24)} 25. Rxd7 {(01:33)} Qxd7 {(00:06)} 26. Rd1 {(00:11)}
Qe7 {(03:57)} 27. Rd6 {(00:20)} Rd8 {(00:48)} 28. Qd1 {
(00:25)} Rxd6 {(03:13)} 29. cxd6 {(00:10)} Qd7 {(
00:25)} 30. Bxe4 {(01:01)} h5 {(00:39)} 31. Bg2 {(00:19)}
Ne7 {(00:23)} 32. Qd4 {(00:27)} Kf8 {(00:35)} 33. dxe7+ {
(00:12)} 1-0

[Event "42nd Olympiad Baku 2016 Women"]
[Site "Baku"]
[Date "2016.09.06"]
[Round "5.6"]
[White "Agrest, Inna"]
[Black "Lazarne Vajda, Szidonia"]
[Result "1-0"]
[ECO "C74"]
[WhiteElo "2222"]
[BlackElo "2372"]
[Annotator ""]
[PlyCount "95"]
[EventDate "2016.??.??"]
[EventType "team-tourn"]
[EventCountry "AZE"]
[SourceTitle "playchess.com"]
[Source "ChessBase"]
[WhiteTeam "Sweden"]
[BlackTeam "Hungary"]
[WhiteTeamCountry "SWE"]
[BlackTeamCountry "HUN"]
[TimeControl "40/5400+30:1800+30"]

1. e4 {(00:00)} e5 {(00:00)} 2. Nf3 {(00:00)} Nc6 {
(00:08)} 3. Bb5 {(00:00)} a6 {(00:42)} 4. Ba4 {(00:
00)} d6 {(00:28)} 5. c3 {(00:28)} f5 {(00:20)} 6. exf5 {
(08:44)} Bxf5 {(00:14)} 7. O-O {(00:32)} Bd3 {(00:
15)} 8. Re1 {(00:22)} Be7 {(01:54)} 9. Re3 {(05:21)} e4 {
(00:33)} 10. Nd4 {(02:41)} Qd7 {(11:47)} 11. Na3 {(
26:52)} Bf6 {(14:58)} 12. Nac2 {(04:46)} Nge7 {(06:24)}
13. Nxc6 {(08:14)} bxc6 {(03:21)} 14. Nb4 {(00:24)} O-O {
(03:44)} 15. Nxd3 {(08:59)} exd3 {(00:09)} 16. Rxd3 {
(01:16)} Bh4 {(06:15)} 17. g3 {(07:47)} Qf5 {(03:
02)} 18. Qf1 {(01:42)} Bg5 {(02:23)} 19. Bd1 {(01:14)} Qg6
{(08:59)} 20. Rf3 {(01:34)} Rxf3 {(02:28)} 21. Bxf3 {
(00:02)} Rf8 {(01:33)} 22. Bg2 {(01:43)} a5 {(01:
47)} 23. d4 {(00:43)} Bf6 {(01:24)} 24. Be3 {(01:52)} Nf5
{(05:59)} 25. Bxc6 {(03:57)} Nxe3 {(03:41)} 26. fxe3 {
(00:04)} h5 {(02:44)} 27. Qf3 {(01:21)} h4 {(01:45]
} 28. Rf1 {(00:39)} hxg3 {(05:59)} 29. hxg3 {(00:25)} Rb8
{(01:36)} 30. b3 {(01:00)} Qd3 {(02:27)} 31. c4 {(
02:08)} Kf7 {(02:06)} 32. Qe4 {(02:07)} Qxe4 {(01:45)} 33.
Bxe4 {(00:01)} c5 {(02:38)} 34. Bc6 {(02:29)} Ke6 {
(01:03)} 35. Rd1 {(02:00)} Bg5 {(00:59)} 36. Kf2 {(
00:10)} Rf8+ {(00:39)} 37. Ke2 {(00:31)} Rh8 {(01:01)} 38.
Rh1 {(02:31)} Rxh1 {(00:42)} 39. Bxh1 {(00:02)} Bf6 {
(00:08)} 40. Kd3 {(00:00)} g5 {(00:00)} 41. Bb7 {(
01:24)} Kd7 {(05:39)} 42. Bf3 {(02:24)} Kc7 {(08:58)} 43.
Ke4 {(00:42)} Bd8 {(07:35)} 44. Kd5 {(01:41)} Be7 {
(00:56)} 45. Ke6 {(00:42)} Kd8 {(00:37)} 46. Kf7 {(
01:54)} Kd7 {(01:45)} 47. Bg4+ {(00:29)} Kd8 {(00:05)} 48.
d5 {(00:38)} 1-0